 Seeded DCSS version 0.27-a0-1154-gfdeffcb720 (webtiles) character file.

Game seed: 2605965801648031611 (custom seed)

698 donath the Insei (level 7, -2/53 HPs)
             Began as a Gnoll Transmuter on May 14, 2021.
             Was a Follower of Dithmenos.
             Slain by an ogre
             ... wielding a +0 giant club
              (17 damage)
             ... on level 6 of the Dungeon.
             The game lasted 00:12:36 (4960 turns).

donath the Insei (Gnoll Transmuter)                 Turns: 4960, Time: 00:12:37

Health: -2/53      AC:  5    Str: 10    XL:     7   Next: 65%
Magic:  15/15      EV: 13    Int: 14    God:    Dithmenos [*.....]
Gold:   295        SH:  0    Dex: 12    Spells: 10/17 levels left

rFire    + . .     SeeInvis .   a - +4 quarterstaff (chaos)
rCold    . . .     Faith    .   (shield currently unavailable)
rNeg     . . .     Spirit   .   q - +1 robe {rF+}
rPois    .         Reflect  .   (no helmet)
rElec    .         Harm     .   C - +0 cloak
rCorr    .         Rampage  .   (no gloves)
Will     .....                  r - +0 pair of boots
Stlth    ++........             (no amulet)
HPRegen  0.17/turn              (no ring)
MPRegen  0.14/turn              (no ring)

@: wreathed by umbra
A: fangs 1, strong nose, distributed training
a: Renounce Religion


You were on level 6 of the Dungeon.
You worshipped Dithmenos.
Dithmenos was aware of your devotion.
You visited 1 branch of the dungeon, and saw 6 of its levels.

You collected 295 gold pieces.

Inventory:

Hand Weapons
 a - a +4 quarterstaff of chaos (weapon)
 b - a +0 hunting sling
 z - a +1 dagger of venom
 D - a +0 flail
 E - a +0 trident
 F - a +1 shortbow of flaming
 G - a +2 dagger of protection
Missiles
 c - 87 arrows
 f - 9 poisoned darts (quivered)
 g - 2 boomerangs
 h - 143 stones
 v - 31 bolts
Armour
 i - a +0 robe of cold resistance
 q - a +1 robe of fire resistance (worn)
 r - a +0 pair of boots (worn)
 t - a +0 kite shield
 C - a +0 cloak (worn)
Wands
 j - a wand of flame (14)
Scrolls
 d - 6 scrolls of identify
 k - a scroll of amnesia {unknown}
 m - 2 scrolls of brand weapon
 o - 2 scrolls of enchant weapon
 s - a scroll of vulnerability {unknown}
 u - a scroll of holy word {unknown}
 w - a scroll of fear {unknown}
 y - a scroll of magic mapping {unknown}
Potions
 e - a potion of mutation {unknown}
 l - a potion of might {unknown}
 n - a potion of cancellation {unknown}
 p - a potion of degeneration {unknown}
 x - a potion of curing {unknown}
 A - a potion of invisibility {unknown}
 B - 2 potions of brilliance


   Skills:
 + Level 3.7 Fighting
 + Level 2.6 Short Blades
 + Level 2.6 Long Blades
 + Level 2.6 Axes
 + Level 2.6 Maces & Flails
 + Level 2.6 Polearms
 + Level 2.6 Staves
 + Level 2.6 Slings
 + Level 2.6 Bows
 + Level 2.6 Crossbows
 + Level 2.6 Throwing
 + Level 2.6 Armour
 + Level 5.3 Dodging
 + Level 2.6 Stealth
 + Level 2.6 Shields
 + Level 7.1 Unarmed Combat
 + Level 5.7 Spellcasting
 + Level 2.1 Conjurations
 + Level 2.1 Hexes
 + Level 2.1 Summonings
 + Level 2.1 Necromancy
 + Level 2.1 Translocations
 + Level 4.4 Transmutations
 + Level 2.1 Fire Magic
 + Level 2.1 Ice Magic
 + Level 2.1 Air Magic
 + Level 2.1 Earth Magic
 + Level 2.1 Poison Magic
 + Level 2.9 Invocations
 + Level 2.6 Evocations


You had 10 spell levels left.
You knew the following spells:

 Your Spells              Type           Power      Damage    Failure   Level
a - Beastly Appendage     Tmut           32%        N/A       2%          1
b - Wereblood             Tmut           16%        N/A       4%          2
c - Blink                 Tloc           N/A        N/A       11%         2
d - Slow                  Hex            10%        N/A       11%         2

Your spell library contained the following spells:

 Spells                   Type           Power      Damage    Failure   Level
 Animate Skeleton         Necr           20%        N/A       7%          1
 Apportation              Tloc           20%        N/A       7%          1
 Corona                   Hex            11%        N/A       7%          1
 Magic Dart               Conj           40%        1d5       7%          1
 Summon Small Mammal      Summ           40%        N/A       7%          1
 Call Imp                 Summ           10%        N/A       11%         2
 Spider Form              Tmut/Pois      6%         N/A       13%         3
 Conjure Flame            Conj/Fire      10%        6-21      21%         3
 Mephitic Cloud           Conj/Pois/Air  10%        N/A       21%         3
 Ice Form                 Ice/Tmut       13%        N/A       38%         4
 Hydra Form               Tmut           8%         N/A       58%         5


Dungeon Overview and Level Annotations

Branches:
Dungeon (6/15)             Temple (0/1) D:4

Altars:
Dithmenos
Kikubaaqudgha
Trog


Innate Abilities, Weirdness & Mutations

You have very sharp teeth.
Your uncanny sense of smell can sniff out nearby items.
Your experience applies equally to all skills.


Message History

You see here a +2 dagger of protection.
G - a +2 dagger of protection An orc wizard comes into view.
It is wielding a +0 dagger.
The orc wizard shouts!
You hit the orc wizard.
The orc wizard is heavily wounded.
The orc wizard barely misses you.
An ogre comes into view. It is wielding a +0 giant club.
The ogre shouts!
You hit the orc wizard.
The orc wizard is poisoned.
You bite the orc wizard, but do no damage.
The orc wizard is severely wounded.
The orc wizard hits you with a +0 dagger.
You closely miss the orc wizard.
The orc wizard is severely wounded.
The orc wizard hits you but does no damage.
You barely miss the orc wizard. Your bite misses the orc wizard.
The orc wizard is severely wounded.
The orc wizard points at you and mumbles some strange words.
The magic dart hits you.
You hit the orc wizard but do no damage.
The orc wizard easily resists.
Your bite misses the orc wizard. The orc wizard closely misses you.
You hit the orc wizard.
The orc wizard is poisoned.
The orc wizard is lightly wounded.
The orc wizard hits you but does no damage.
You sock the orc wizard! You freeze the orc wizard.
You kill the orc wizard!
Dithmenos accepts your kill.
You hit the ogre but do no damage.
The ogre is poisoned.
The ogre barely misses you.
You barely miss the ogre.
The ogre is lightly wounded.
The ogre hits you with a +0 giant club!!
Ouch! That really hurt!
* * * LOW HITPOINT WARNING * * *
You hit the ogre.
The ogre easily resists.
The ogre is lightly wounded.
The ogre hits you with a +0 giant club!
You die...

. ..###
.....####
#.....#####.#
#....o......#
#O# #@# #.#
#.# #.# #.#
#.# #.# #.#
#.#


You could see an ogre (very poisoned) and an orc wizard (very poisoned).

Vanquished Creatures
  An ogre (D:5)
  A centaur (D:5)
  A water moccasin zombie (D:5)
  2 wyvern skeletons (D:6)
  A bullfrog zombie (D:3)
  A centaur zombie (D:5)
  Crazy Yiuf (D:4)
  Jessica (D:2)
  Natasha (thrice) (D:2)
  An iguana (D:5)
  An orc wizard (D:6)
  A howler monkey zombie (D:2)
  An adder (D:2)
  A gnoll (D:3)
  A shadow imp (D:3)
  2 worms (D:2)
  4 dart slugs
  3 orcs
  5 bats
  8 endoplasms
  A giant cockroach (D:1)
  6 goblins
  5 hobgoblins
  6 jackals
  3 quokkas
  5 ball pythons
  4 frilled lizards
  6 kobolds
  5 rats
81 creatures vanquished.

Notes
Turn   | Place    | Note
-------+----------+-------------------------------------------
     0 | D:1      | donath the Gnoll Transmuter began the quest for the Orb.
     0 | D:1      | Reached XP level 1. HP: 17/17 MP: 6/6
   213 | D:1      | Reached XP level 2. HP: 14/23 MP: 5/7
   216 | D:1      | Learned a level 2 spell: Wereblood
   663 | D:1      | Reached XP level 3. HP: 28/28 MP: 7/9
   691 | D:1      | Reached skill level 5 in Spellcasting
  1052 | D:2      | Reached skill level 1 in Invocations
  1390 | D:2      | Found a bloodstained altar of Trog.
  1446 | D:2      | Noticed Jessica
  1457 | D:2      | Noticed Natasha
  1463 | D:2      | Killed Natasha
  1464 | D:2      | Reached skill level 1 in Short Blades
  1464 | D:2      | Reached skill level 1 in Long Blades
  1464 | D:2      | Reached skill level 1 in Axes
  1464 | D:2      | Reached skill level 1 in Maces & Flails
  1464 | D:2      | Reached skill level 1 in Polearms
  1464 | D:2      | Reached skill level 1 in Staves
  1464 | D:2      | Reached skill level 1 in Slings
  1464 | D:2      | Reached skill level 1 in Bows
  1464 | D:2      | Reached skill level 1 in Crossbows
  1464 | D:2      | Reached skill level 1 in Throwing
  1464 | D:2      | Reached skill level 1 in Armour
  1464 | D:2      | Reached skill level 1 in Stealth
  1464 | D:2      | Reached skill level 1 in Shields
  1464 | D:2      | Reached skill level 1 in Evocations
  1464 | D:2      | Reached XP level 4. HP: 31/34 MP: 11/11
  1479 | D:2      | Killed Jessica
  1480 | D:2      | Reached skill level 1 in Conjurations
  1480 | D:2      | Reached skill level 1 in Hexes
  1480 | D:2      | Reached skill level 1 in Summonings
  1480 | D:2      | Reached skill level 1 in Necromancy
  1480 | D:2      | Reached skill level 1 in Translocations
  1480 | D:2      | Reached skill level 1 in Fire Magic
  1480 | D:2      | Reached skill level 1 in Ice Magic
  1480 | D:2      | Reached skill level 1 in Air Magic
  1480 | D:2      | Reached skill level 1 in Earth Magic
  1480 | D:2      | Reached skill level 1 in Poison Magic
  1674 | D:2      | Reached XP level 5. HP: 28/40 MP: 10/12
  1674 | D:2      | Noticed Natasha
  1687 | D:2      | HP: 2/40 [Natasha (5)]
  1688 | D:2      | Killed Natasha
  2367 | D:2      | Noticed Natasha
  2376 | D:2      | Killed Natasha
  2630 | D:3      | Reached XP level 6. HP: 35/47 MP: 13/13
  2800 | D:3      | Learned a level 2 spell: Blink
  2803 | D:3      | Learned a level 2 spell: Slow
  3104 | D:3      | Found an ancient bone altar of Kikubaaqudgha.
  3137 | D:3      | Found a faded altar of an unknown god.
  3145 | D:3      | Became a worshipper of Dithmenos the Shadowed
  3145 | D:3      | Reached * piety under Dithmenos
  3386 | D:4      | Found a staircase to the Ecumenical Temple.
  3799 | D:4      | Found a runed translucent door.
  3800 | D:4      | Noticed Crazy Yiuf
  3825 | D:4      | Killed Crazy Yiuf
  4103 | D:5      | Entered Level 5 of the Dungeon
  4107 | D:5      | Noticed a sky beast
  4149 | D:5      | Reached skill level 5 in Dodging
  4394 | D:5      | Reached XP level 7. HP: 24/52 MP: 13/15
  4583 | D:5      | Reached skill level 7 in Unarmed Combat
  4960 | D:6      | Slain by an ogre

Illustrated notes

Levels and vault maps discovered:
D:1:      psy_arrival_dodecagon, layout_loops_ring, minmay_tall_x
D:2:      layout_loops_ring, basic_altar, uniq_natasha, uniq_jessica
D:3:      layout_rooms, old_standard_altar, ebering_ecumenical_altar_mist,
          chequers_serial_rivers_small_3, serial_bayou_pond_b, st_stairs_7
D:4:      layout_rooms, temple_fountains, minmay_pentangle,
          uniq_crazy_yiuf_cottage
D:5:      layout_basic
D:6:      layout_basic, moated_statue, uniq_duvessa, uniq_prince_ribbit1,
          uniq_pikel

Skill      XL: |  1  2  3  4  5  6  7 |
---------------+----------------------+-----
Spellcasting   | 5 |  5.7
Invocations    | 1 2 |  2.9
Short Blades   | 1 2 |  2.6
Long Blades    | 1 2 |  2.6
Axes           | 1 2 |  2.6
Maces & Flails | 1 2 |  2.6
Polearms       | 1 2 |  2.6
Staves         | 1 2 |  2.6
Slings         | 1 2 |  2.6
Bows           | 1 2 |  2.6
Crossbows      | 1 2 |  2.6
Throwing       | 1 2 |  2.6
Armour         | 1 2 |  2.6
Stealth        | 1 2 |  2.6
Shields        | 1 2 |  2.6
Evocations     | 1 2 |  2.6
Conjurations   | 1 2 |  2.1
Hexes          | 1 2 |  2.1
Summonings     | 1 2 |  2.1
Necromancy     | 1 2 |  2.1
Translocations | 1 2 |  2.1
Fire Magic     | 1 2 |  2.1
Ice Magic      | 1 2 |  2.1
Air Magic      | 1 2 |  2.1
Earth Magic    | 1 2 |  2.1
Poison Magic   | 1 2 |  2.1
Fighting       | 3 |  3.7
Transmutations | 4 |  4.4
Dodging        | 5 |  5.3
Unarmed Combat | 7 |  7.1

Action                   |  1- 3 |  4- 6 |  7- 9 || total
-------------------------+-------+-------+-------++-------
Melee: Unarmed           |    60 |       |       ||    60
       Kick              |     7 |    14 |       ||    21
       Bite              |     3 |    13 |     3 ||    19
       Headbutt          |     5 |     9 |       ||    14
       Spear             |    16 |    81 |       ||    97
       Punch             |       |     3 |       ||     3
       Flail             |       |    36 |       ||    36
       Quarterstaff      |       |    17 |    27 ||    44
       Trident           |       |    11 |       ||    11
Throw: Dart              |       |    10 |       ||    10
 Cast: Beastly Appendage |    13 |    14 |       ||    27
       Wereblood         |     4 |     6 |       ||    10
       Slow              |       |     3 |       ||     3
  Use: Potion            |     2 |       |       ||     2
       Scroll            |     1 |     3 |       ||     4
 Stab: Sleeping          |       |     3 |       ||     3
Armor: Robe              |     9 |    15 |    10 ||    34
Dodge: Dodged            |    55 |    97 |    24 ||   176

Table legend: (Time is in decaauts)
 A = Elapsed time spent in this place.
 B = Non-inter-level travel time spent in this place.
 C = Inter-level travel time spent in this place.
 D = Time resting spent in this place.
 E = Time spent auto-exploring this place.
 F = Levels seen in this place.
 G = Mean time per level.
                   A        B        C        D        E       F      G
               +--------+--------+--------+--------+--------+-----+--------+
         Total |   4983 |   4910 |     73 |    201 |   3432 |   6 |  830.5 |
       Dungeon |   4983 |   4910 |     73 |    201 |   3432 |   6 |  830.5 |
               +--------+--------+--------+--------+--------+-----+--------+

Top non-repeatable levels by time:
     D:2: 1416 daAuts
     D:1: 997 daAuts
     D:3: 954 daAuts
     D:4: 751 daAuts
     D:5: 602 daAuts
     D:6: 261 daAuts
